 Dungeon Crawl Stone Soup version 0.28.0-45-g0d030f2227 (webtiles) character file.

Game seed: 1281066501054038582

1069 mortz the Magician (level 8, 0/41 HPs)
             Began as a Deep Elf Air Elementalist on Apr 3, 2022.
             Was a Follower of Sif Muna.
             Slain by a yak (5 damage)
             ... on level 5 of the Dungeon.
             The game lasted 00:29:45 (6055 turns).

mortz the Magician (Deep Elf Air Elementalist)      Turns: 6055, Time: 00:29:45

Health: 0/41       AC:  5    Str:  5    XL:     8   Next: 7%
Magic:  13/19      EV: 13    Int: 23    God:    Sif Muna [*.....]
Gold:   360        SH:  0    Dex: 15    Spells: 11/19 levels left

rFire   . . .      SeeInvis .   g - +0 dagger {short}
rCold   . . .      Faith    .   (no shield)
rNeg    . . .      Spirit   .   a - +0 robe
rPois   .          Reflect  .   (no helmet)
rElec   .          Harm     .   (no cloak)
rCorr   .          Rampage  .   y - +0 pair of gloves
Will    .....                   u - +1 pair of boots
Stlth   ++........              (no amulet)
HPRegen 0.13/turn               h - ring of flight
MPRegen 0.16/turn               (no ring)

@: flying
A: no striking features
a: Renounce Religion, Channel Magic


You were on level 5 of the Dungeon.
You worshipped Sif Muna.
Sif Muna was aware of your devotion.
You visited 2 branches of the dungeon, and saw 7 of its levels.

You collected 360 gold pieces.


   Skills:
 + Level 0.1 Fighting
 + Level 3.1 Dodging
 + Level 3.4 Stealth
 + Level 6.2 Spellcasting
 + Level 5.0 Conjurations
 + Level 1.4 Fire Magic
 * Level 6.1 Air Magic
 * Level 3.6 Invocations


You had 11 spell levels left.
You knew the following spells:

 Your Spells              Type           Power      Damage    Failure   Level
a - Shock                 Conj/Air       100%       1d9       1%          1
b - Static Discharge      Conj/Air       32%        N/A       1%          2
c - Airstrike             Air            17%        N/A       7%          4
d - Foxfire               Conj/Fire      84%        2x1d8     2%          1

Your spell library contained the following spells:

 Spells                   Type           Power      Damage    Failure   Level
 Swiftness                Air            35%        N/A       1%          3
 Conjure Flame            Conj/Fire      21%        6-21      7%          3
 Animate Skeleton         Necr           14%        N/A       9%          1
 Apportation              Tloc           14%        N/A       9%          1
 Pain                     Necr           28%        1d5       9%          1
 Inner Flame              Hex/Fire       10%        N/A       19%         3
 Flame Wave               Conj/Fire      21%        2d7       22%         4
 Vampiric Draining        Necr           7%         2d6       26%         3
 Iskenderun's Battlesphe  Conj           30%        2d8       30%         5
 Alistair's Intoxication  Tmut/Pois      4%         N/A       93%         5
 Iron Shot                Conj/Erth      9%         9d3       99%         6
 Spellforged Servitor     Conj/Summ      9%         N/A       100%        7

Inventory:

Hand Weapons
 g - a +0 dagger (weapon) {short}
   (You took it off a goblin on level 1 of the Dungeon)
 j - a +0 long sword {long}
   (You found it on level 1 of the Dungeon)
 l - a +0 club {mace}
   (You took it off a goblin on level 2 of the Dungeon)
 n - a +0 hand axe {axe}
   (You took it off an orc on level 4 of the Dungeon)
 o - a +0 short sword {short}
   (You took it off a kobold on level 2 of the Dungeon)
 v - a +0 halberd {polearm}
   (You took it off a gnoll on level 4 of the Dungeon)
Missiles
 b - 104 stones {throwing}
 i - 6 poisoned darts {throwing}
 x - 2 silver boomerangs {throwing}
Armour
 a - a +0 robe (worn)
 d - a +0 leather armour
   (You found it on level 1 of the Dungeon)
 u - a +1 pair of boots (worn)
   (You found it on level 4 of the Dungeon)
 y - a +0 pair of gloves (worn)
   (You found it on level 5 of the Dungeon)
 B - a +0 plate armour
   (You found it on level 5 of the Dungeon)
Jewellery
 h - a ring of flight (left hand)
   (You took it off an orc on level 5 of the Dungeon)
Wands
 r - a wand of paralysis (11)
   (You found it on level 3 of the Dungeon)
Scrolls
 q - 2 scrolls of immolation {!r!r}
 C - 3 scrolls of blinking {!r}
Potions
 k - a potion of brilliance
 m - a potion of magic
 s - a potion of haste {@q3}
 w - a potion of curing {@q1}
 z - a potion of mutation {unknown}

Dungeon Overview and Level Annotations

Branches:
Dungeon (6/15)             Temple (1/1) D:5

Altars:
Dithmenos
Sif Muna
Trog
Zin
The Shining One

Annotations:
D:6 Blork the orc

#....#####...#####......#
#........#...#######....# ##
####........'.........#....###.
#..#####....#.........'....#...
#......#....#.....>...#....#...
#......#....#.........#....#..#
#......'....#.........#....#..#
#..#####....##Y#####'##....#'##
#..########..Y@................
#.........#....................
#.........#....................
#.........#....................
##'##....#'#....................
#....####....###########'#######
#....# #....#...'...#..........
#....# #....#...#...'..........
#....####....###################


You could see 2 yaks.


Message History

A gnoll shaman comes into view. It is wielding a +0 club.
A gnoll comes into view.
It is wielding a +0 club. 😕 HP[+3] MP[+3]
You regained 3 hp, and now have 38/41 hp.
You regained 3 mp, and now have 14/19 mp.
Aiming: Shock (safe; 1% risk of failure)
Press: ? - help, Q - select action, (/) - cycle Shift-Dir - straight line, f - gnoll
Aim: a gnoll, wielding a +0 club (77% to hit)
The zap hits the gnoll! 😕 MP[-1]
You lost 1 mp, and now have 13/19 mp.
Aiming: Shock (safe; 1% risk of failure)
Press: ? - help, Q - select action, (/) - cycle Shift-Dir - straight line, f/p - gnoll
Aim: a gnoll, wielding a +0 club (heavily wounded, 77% to hit)
The zap hits the gnoll.
A gnoll comes into view. It is wielding a +0 halberd. 😕 MP[-1]
You lost 1 mp, and now have 12/19 mp.
Aiming: Shock (safe; 1% risk of failure)
Press: ? - help, Q - select action, (/) - cycle Shift-Dir - straight line, f/p - gnoll
Aim: a gnoll, wielding a +0 club (almost dead, 77% to hit)
The zap hits the gnoll but does no damage.
The gnoll shouts! 😕 MP[-1]
You lost 1 mp, and now have 11/19 mp.
Aiming: Shock (safe; 1% risk of failure)
Press: ? - help, Q - select action, (/) - cycle Shift-Dir - straight line, f/p - gnoll
Aim: a gnoll, wielding a +0 club (almost dead, 77% to hit)
The zap hits the gnoll.
You kill the gnoll!
Sif Muna accepts your kill. 😕 MP[-1]
You lost 1 mp, and now have 10/19 mp.
Aiming: Shock (safe; 1% risk of failure)
Press: ? - help, Q - select action, (/) - cycle Shift-Dir - straight line, f - gnoll
Aim: a gnoll, wielding a +0 halberd (77% to hit)
Okay, then.
You fly upwards.
There is a stone staircase leading down here. 😕 HP[+1] MP[+1]
You start resting. 😎 HP[+2] MP[+2]
Your hp is fully restored (41).
You regained 2 mp, and now have 13/19 mp.
You start resting. 😎 MP[+6]
Your mp is fully restored (19).
You reach down and open the door.
There is an open door here.
There is an open door here.
There is an open door here.
There is a stone staircase leading down here.
You fly downwards.
The yak bellows! x2; Blork the orc shouts!
The yak bellows! x3
Blork the orc casts a spell.
Blork the orc seems to speed up.
There is a stone staircase leading up here.
The yak bellows!
The yak gores you. The yak gores you!
You fly upwards.
There is a stone staircase leading down here. 😮 HP[-14]
You take 14 damage, and now have 27/41 hp.
MASSIVE DAMAGE!! (PAUSE)
There is an open door here.
Casting: Shock (safe; 1% risk of failure)
Confirm with . or Enter, or press ? or * to list all spells.
The yak is struck by an arc of lightning.
You are struck by an arc of lightning.
The yak is struck by an arc of lightning!
The lightning grounds out. 😮 HP[-3] MP[-2]
You take 3 damage, and now have 24/41 hp.
You lost 2 mp, and now have 17/19 mp.
Casting: Static Discharge (safe; 1% risk of failure)
Confirm with . or Enter, or press ? or * to list all spells.
The yak is struck by an arc of lightning!
You are struck by an arc of lightning.
The yak is struck by an arc of lightning.
The lightning grounds out.
The yak is struck by an arc of lightning!
You are struck by an arc of lightning.
* * * LOW HITPOINT WARNING * * *
The yak is struck by an arc of lightning!
The lightning grounds out.
The yak closely misses you. The yak gores you!
* * * LOW HITPOINT WARNING * * *
😱 HP[-18] MP[-2]
You take 18 damage, and now have 6/41 hp.
MASSIVE DAMAGE!! (PAUSE)
You lost 2 mp, and now have 15/19 mp.
Casting: Static Discharge (safe; 1% risk of failure)
Confirm with . or Enter, or press ? or * to list all spells.
The yak is struck by an arc of lightning!
The lightning grounds out.
The yak is struck by an arc of lightning!
You are struck by an arc of lightning.
* * * LOW HITPOINT WARNING * * *
The yak is struck by an arc of lightning!
The lightning grounds out.
The yak gores you.
You die...

Skill      XL: |  1  2  3  4  5  6  7 |
---------------+----------------------+-----
Dodging        | 3 |  3.1
Stealth        | 3 |  3.4
Invocations    | 1 2 3 |  3.6
Spellcasting   | 4 5 6 |  6.2
Fire Magic     | 1 |  1.4
Air Magic      | 4 5 6 |  6.1
Conjurations   | 2 3 5 |  5.0
Fighting       | |  0.1

Action                   |  1- 3 |  4- 6 |  7- 9 || total
-------------------------+-------+-------+-------++-------
 Cast: Shock             |    82 |    88 |    37 ||   207
       Static Discharge  |     4 |    21 |    14 ||    39
  Use: Scroll            |     2 |     3 |     4 ||     9
       Potion            |       |     1 |       ||     1
Armor: Robe              |       |     3 |     4 ||     7
       Skin              |       |       |     1 ||     1
Dodge: Dodged            |     9 |     5 |    12 ||    26

Levels and vault maps discovered:
D:1:      minmay_arrival_shattered_statue, layout_rooms
D:2:      layout_rooms, minmay_pentomino_z2
D:3:      layout_basic, mainiacjoe_overflow_tiny_flanked,
          nicolae_sif_muna_condensation,
          nicolae_dithmenos_through_a_glass_darkly, minivault_25,
          kennysheep_generic_room_16
D:4:      layout_rooms, mainiacjoe_overflow_alcove_2
D:5:      layout_gridville, trog_ov_bears_minmay, minmay_temple_entry_junction,
          minmay_misc_feat_roman
D:6:      layout_rooms, gammafunk_ghost_arena, nicolae_inconvenience_store,
          kennysheep_boxes, uniq_blork_the_orc
Temple:   eino_temple_scatter_basement

Notes
Turn   | Place    | Note
-------+----------+-------------------------------------------
     0 | D:1      | mortz the Deep Elf Air Elementalist began the quest for the
                  | Orb.
     0 | D:1      | Reached XP level 1. HP: 10/10 MP: 6/6
     0 | D:1      | magus.rc [v1.9.6]
   162 | D:1      | You pick up a book of Flames and begin reading...
   162 | D:1      | You add the spells Foxfire, Conjure Flame, Inner Flame and
                  | Flame Wave to your library.
   397 | D:1      | Reached XP level 2. HP: 15/15 MP: 5/8
   400 | D:1      | Learned a level 2 spell: Static Discharge
   402 | D:1      | Learned a level 1 spell: Foxfire
  1155 | D:2      | You pick up a book of Power and begin reading...
  1155 | D:2      | You add the spells Iskenderun's Battlesphere, Iron Shot and
                  | Spellforged Servitor to your library.
  1427 | D:2      | Reached XP level 3. HP: 19/19 MP: 6/9
  1549 | D:2      | Reached skill level 3 in Dodging
  1693 | D:3      | Reached skill level 3 in Stealth
  1947 | D:3      | Found a shimmering blue altar of Sif Muna.
  1957 | D:3      | Became a worshipper of Sif Muna the Loreminder
  1978 | D:3      | Found a glowing golden altar of the Shining One.
  2107 | D:3      | Reached skill level 1 in Invocations
  2316 | D:3      | Reached XP level 4. HP: 24/24 MP: 9/11
  2381 | D:3      | Found a shadowy altar of Dithmenos.
  2774 | D:3      | Learned a level 4 spell: Airstrike
  2815 | D:4      | Reached * piety under Sif Muna
  2816 | D:4      | Reached skill level 4 in Spellcasting
  2816 | D:4      | Reached skill level 1 in Fire Magic
  2816 | D:4      | Reached skill level 4 in Air Magic
  2844 | D:4      | Reached skill level 2 in Conjurations
  2844 | D:4      | Reached XP level 5. HP: 27/28 MP: 1/13
  3156 | D:4      | Noticed a black bear
  3372 | D:4      | HP: 6/28 [scorpion (5)]
  3373 | D:4      | HP: 1/28 [poisoned by a scorpion]
  3374 | D:4      | Reached skill level 2 in Invocations
  3793 | D:4      | Reached XP level 6. HP: 32/32 MP: 10/14
  3895 | D:4      | Found a glowing silver altar of Zin.
  3956 | D:4      | Reached skill level 3 in Conjurations
  4223 | D:5      | Entered Level 5 of the Dungeon
  4223 | D:5      | Found a bloodstained altar of Trog.
  4274 | D:5      | magus.rc [v1.9.6]
  4327 | D:5      | Reached skill level 5 in Spellcasting
  4512 | D:5      | Reached skill level 5 in Air Magic
  4622 | D:5      | Reached XP level 7. HP: 24/36 MP: 7/16
  4806 | D:5      | You pick up a book of Party Tricks and begin reading...
  4806 | D:5      | You add the spells Apportation and Alistair's Intoxication
                  | to your library.
  4831 | D:5      | Reached skill level 4 in Conjurations
  4831 | D:5      | Reached skill level 3 in Invocations
  5076 | D:5      | Found a staircase to the Ecumenical Temple.
  5111 | Temple   | Entered the Ecumenical Temple
  5322 | D:5      | Reached skill level 6 in Spellcasting
  5360 | D:5      | You pick up a book of Necromancy and begin reading...
  5360 | D:5      | You add the spells Pain, Animate Skeleton and Vampiric
                  | Draining to your library.
  5933 | D:6      | Reached skill level 5 in Conjurations
  5933 | D:6      | Reached skill level 6 in Air Magic
  5933 | D:6      | Reached XP level 8. HP: 35/41 MP: 11/19
  6045 | D:6      | Noticed Blork the orc
  6054 | D:5      | HP: 6/41 [yak (14)]
  6055 | D:5      | Slain by a yak

Vanquished Creatures
  A water moccasin (D:5)
  3 black bears
  2 ogres (D:5)
  A phantom (D:5)
  A bullfrog (D:6)
  A scorpion (D:4)
  A howler monkey (D:4)
  A hound (D:5)
  4 iguanas
  4 gnolls
  3 adders
  A shadow imp (D:5)
  A worm (D:3)
  A dart slug (D:3)
  8 orcs
  7 endoplasms
  7 giant cockroaches
  7 goblins
  4 hobgoblins
  2 jackals (D:1)
  5 kobolds
  4 ball pythons
  4 bats
  2 frilled lizards (D:2)
  7 rats
82 creatures vanquished.

Table legend:
 A = Non-vault XP
 B = Vault XP
 C = Vault XP percentage of total XP
 D = Non-vault monster count
 E = Vault monster count
 F = Vault count percentage of total count
                 A         B        C        D         E       F
            +---------+---------+-------+---------+---------+-------
      Total |    1264 |     264 |  17.3 |      76 |       6 |   7.3
            +---------+---------+-------+---------+---------+-------
        D:1 |      18 |       0 |   0.0 |      11 |       0 |   0.0
        D:2 |      24 |       3 |  11.1 |      14 |       2 |  12.5
        D:3 |      88 |       6 |   6.4 |      19 |       2 |   9.5
        D:4 |     409 |       0 |   0.0 |      21 |       0 |   0.0
        D:5 |     614 |     255 |  29.3 |       9 |       2 |  18.2
        D:6 |     111 |       0 |   0.0 |       2 |       0 |   0.0
            +---------+---------+-------+---------+---------+-------

Illustrated notes

Table legend:
 A = Kills in this place as a percentage of kills in entire the game.
 B = Kills by you in this place as a percentage of kills by you in the entire game.
 C = Kills by friends in this place as a percentage of kills by friends in the entire game.
 D = Other kills in this place as a percentage of other kills in the entire game.
 E = Experience gained in this place as a percentage of experience gained in the entire game.
 F = Experience gained in this place divided by the number of levels of this place that you have seen.
                   A       B       C       D       E      F
               +-------+-------+-------+-------+-------+----------------------
         Total | 100.0 | 100.0 |   N/A |   N/A | 100.0 | 218.3
       Dungeon | 100.0 | 100.0 |   N/A |   N/A | 100.0 | 254.7
               +-------+-------+-------+-------+-------+----------------------

Table legend: (Time is in decaauts)
 A = Elapsed time spent in this place.
 B = Non-inter-level travel time spent in this place.
 C = Inter-level travel time spent in this place.
 D = Time resting spent in this place.
 E = Time spent auto-exploring this place.
 F = Levels seen in this place.
 G = Mean time per level.
                   A        B        C        D        E       F      G
               +--------+--------+--------+--------+--------+-----+--------+
         Total |   6060 |   5715 |    345 |    970 |   4064 |   7 |  865.7 |
       Dungeon |   5974 |   5629 |    345 |    901 |   4064 |   6 |  995.7 |
        Temple |     85 |     85 |      0 |     69 |      0 |   1 |   85.0 |
               +--------+--------+--------+--------+--------+-----+--------+

Top non-repeatable levels by time:
     D:5: 1670 daAuts
     D:3: 1550 daAuts
     D:4: 1055 daAuts
     D:2: 835 daAuts
     D:1: 829 daAuts
  Temple: 85 daAuts
     D:6: 33 daAuts
